 Dungeon Crawl Stone Soup version 0.21-a0-404-g291f19a (webtiles) character file.

6614 EnegeticOcto the Fighter (level 10, -14/92 HPs)
             Began as a Pale Draconian Conjurer on Oct 30, 2017.
             Was a Believer of Vehumet.
             Demolished by Urug
             ... wielding a +3 demon trident of flaming
              (26 damage)
             ... on level 9 of the Dungeon.
             The game lasted 00:43:50 (11744 turns).

EnegeticOcto the Fighter (Pale Draconian Conjurer) Turns: 11744, Time: 00:43:51

Health: -14/92     AC: 10    Str: 14    XL:     10   Next: 72%
Magic:  0/18       EV: 16    Int: 18    God:    Vehumet [**....]
Gold:   545        SH:  7    Dex: 12    Spells: 8/20 levels left

rFire    . . .     SeeInvis .   (no weapon)
rCold    + . .     Gourm    .   F - +2 buckler "Laopomu" {rPois rC+}
rNeg     . . .     Faith    .   (armour unavailable)
rPois    +         Spirit   .   (helmet restricted)
rElec    .         Reflect  .   E - +0 cloak
rCorr    +         Harm     .   h - +0 pair of gloves
MR       .....                  p - +0 pair of boots
Stlth    ++........             o - amulet of magic regeneration
HPRegen  0.25/turn              D - ring of resist corrosion
MPRegen  0.41/turn              A - ring of wizardry

@: mighty, berserk cooldown, very slightly contaminated, slowed, very slow
A: breathe steam, unfitting armour, stinger 2, weak 1, cold-blooded, AC +7
a: Breathe Steam, Renounce Religion


You were on level 9 of the Dungeon.
You worshipped Vehumet.
Vehumet was pleased with you.
You were not hungry.

You visited 2 branches of the dungeon, and saw 11 of its levels.

You collected 545 gold pieces.

Inventory:

Hand Weapons
 a - a +1 hunting sling of flaming
Missiles
 d - 45 sling bullets
 g - 224 stones (quivered)
 i - a throwing net
Armour
 h - a +0 pair of gloves (worn)
 l - a +2 shield of cold resistance
 p - a +0 pair of boots (worn)
 B - a +0 buckler
 E - a +0 cloak (worn)
 F - the +2 buckler "Laopomu" (worn) {rPois rC+}
   (You found it on level 9 of the Dungeon)

   It protects you from cold.
   It protects you from poison.
 G - a +0 shield
Jewellery
 o - an amulet of magic regeneration (around neck)
 x - an uncursed ring of protection from cold
 A - a ring of wizardry (right hand)
 D - a ring of resist corrosion (left hand)
Wands
 n - a wand of flame (18/48)
 z - a wand of paralysis (19/24)
 L - a wand of confusion (21/48)
Scrolls
 j - 2 scrolls of fog {unknown}
 m - 5 scrolls of remove curse
 q - 2 scrolls of amnesia
 v - 2 scrolls of magic mapping
 w - 2 scrolls of recharging
 y - 6 scrolls of teleportation
 C - a scroll of blinking
 I - 2 scrolls of enchant armour {unknown}
 N - 2 scrolls of summoning {unknown}
 O - a scroll of random uselessness {unknown}
Potions
 e - a potion of flight
 k - a potion of cancellation
 r - 2 potions of ambrosia
 s - 2 potions of brilliance
 t - 2 potions of mutation
 u - 2 potions of curing
 M - a potion of heal wounds
Books
 c - a book of Conjurations

   Spells                             Type                      Level
   a - Magic Dart                     Conjuration                  1
   b - Searing Ray                    Conjuration                  2
   c - Dazzling Spray                 Conjuration/Hexes            3
   d - Fulminant Prism                Conjuration/Hexes            4
   e - Force Lance                    Conjuration/Translocation    4
   f - Iskenderun's Mystic Blast      Conjuration                  4
Comestibles
 b - 8 bread rations
 H - 6 royal jellies
 K - 3 meat rations
 Q - 12 fruits


   Skills:
 + Level 9.7 Fighting
 + Level 8.4 Dodging
 - Level 1.7 Stealth
 - Level 4.0 Shields
 + Level 5.6 Spellcasting
 + Level 8.6 Conjurations


You had 8 spell levels left.
You knew the following spells:

 Your Spells              Type           Power        Failure   Level  Hunger
a - Magic Dart            Conj           ####         1%          1    None
b - Iskenderun's Mystic   Conj           #####...     1%          4    ####...
c - Dazzling Spray        Conj/Hex       ###...       2%          3    ##.....
d - Fulminant Prism       Conj/Hex       ###.......   9%          4    ####...


Dungeon Overview and Level Annotations

Branches:
Dungeon (10/15)            Temple (1/1) D:7
   Lair: D:8-11         Orc: D:9-12

Altars:
Ashenzari
Gozag
Hepliaklqana
Kikubaaqudgha
Makhleb
Nemelex Xobeh
Okawaru
Qazlal
Trog
Vehumet
Wu Jian
The Shining One

Shops:
D:4 =   D:6 %

Annotations:
D:9 Urug


Innate Abilities, Weirdness & Mutations

You can breathe blasts of scalding, opaque steam.
Your pale cyan-grey scales are hard. (AC +7)
You cannot fit into any form of body armour.
You are cold-blooded and may be slowed by cold attacks.
Your tail ends in a sharp poisonous barb.
You are weak. (Str -2)


Message History

Aiming: Fulminant Prism
Press: ? - help, Dir - move target cursor You conjure a prism of explosive energy!
Urug screams, "All you harpies will die!"
Urug hits your fulminant prism with a demon trident of flaming!
Your fulminant prism detonates feebly.
Casting: Fulminant Prism
Confirm with . or Enter, or press ? or * to list all spells.
Aiming: Fulminant Prism
Press: ? - help, Dir - move target cursor You conjure a prism of explosive energy!
Casting: Fulminant Prism
Confirm with . or Enter, or press ? or * to list all spells.
Aiming: Iskenderun's Mystic Blast
Press: ? - help, Shift-Dir - straight line, f - Urug
Aim: Urug, wielding a demon trident of flaming and wearing a glowing scale mail (almost dead)
The orb of energy hits Urug.
Urug is almost dead.
Urug hits you from afar with a demon trident of flaming!!
You die...

###.# #.# #.# #.#
#######+## ##.#
####........# #..#
#..'........# #####.####
'.##........###........#
####........'.#..o.....#
# #........#......*..[#
# #........###.@......#
# ########## #........#
# #........# ##########


You could see Urug and a friendly fulminant prism.

Vanquished Creatures
  A hydra (D:9)
  Psyche (D:8)
  The ghost of happinesssam the Vexing, a novice GnAM of Yredelemnul (D:6)
  A troll (D:9)
  Grinder (D:5)
  2 hippogriffs (D:8)
  2 dream sheep (D:9)
  2 yaks (D:9)
  Menkaure (D:5)
  A soldier ant (D:8)
  The ghost of Hasart the Digger, an amateur DEEE (D:3)
  Duvessa (D:7)
  An ice beast (D:8)
  A black bear (D:9)
  3 orc warriors
  2 sky beasts
  3 ogres
  A crocodile (D:10)
  2 centaurs
  3 big kobolds (D:9)
  4 bullfrogs
  A gnoll sergeant (D:6)
  Dowan (D:7)
  3 scorpions
  2 vampire bats (D:3)
  A howler monkey (D:8)
  4 crimson imps
  2 centaur zombies
  A quasit (D:7)
  2 bullfrog zombies
  7 hounds
  Crazy Yiuf (D:5)
  5 orc priests
  A gnoll shaman (D:6)
  2 jellies
  A bullfrog skeleton (D:6)
  2 centaur skeletons
  An iguana (D:7)
  Ijyb (D:5)
  6 orc wizards
  4 worker ants
  A hound zombie (D:3)
  A hound skeleton (D:5)
  A worker ant zombie (D:5)
  9 gnolls
  6 adders
  A river rat (D:3)
  An adder skeleton (D:8)
  3 worms
  2 dart slugs (D:2)
  7 leopard geckos
  47 orcs
  7 ball pythons
  7 bats
  A bat skeleton (D:3)
  4 bat zombies (D:3)
  8 giant cockroaches
  7 goblins
  6 hobgoblins
  6 jackals
  8 kobolds (D:1)
  3 quokkas
  4 frilled lizards
  A jackal skeleton (D:6)
  A jackal zombie (D:5)
  A quokka skeleton (D:4)
  8 rats
234 creatures vanquished.

Vanquished Creatures (others)
  22 fulminant prisms
22 creatures vanquished.

Grand Total: 256 creatures vanquished

Notes
Turn   | Place    | Note
-------+----------+-------------------------------------------
     0 | D:1      | EnegeticOcto the Draconian Conjurer began the quest for the Orb.
     0 | D:1      | Reached XP level 1. HP: 14/14 MP: 3/3
   386 | D:1      | Reached XP level 2. HP: 22/22 MP: 3/5
   411 | D:1      | Reached skill level 1 in Fighting
   629 | D:1      | Reached XP level 3. HP: 27/29 MP: 4/6
   720 | D:1      | Learned a level 3 spell: Dazzling Spray
  1168 | D:2      | Reached skill level 2 in Fighting
  1179 | D:2      | HP: 1/29 [adder (2)]
  1472 | D:2      | Reached XP level 4. HP: 36/36 MP: 7/7
  1588 | D:2      | Found a burning altar of Makhleb.
  1957 | D:3      | Noticed Hasart's ghost (amateur DEEE)
  2425 | D:3      | Killed Hasart's ghost
  2425 | D:3      | Reached skill level 3 in Fighting
  2425 | D:3      | Reached skill level 5 in Conjurations
  2425 | D:3      | Reached XP level 5. HP: 45/45 MP: 8/8
  2763 | D:3      | Found an ancient bone altar of Kikubaaqudgha.
  2773 | D:3      | Reached XP level 6. HP: 51/51 MP: 9/9
  2888 | D:3      | Found a faded altar of an unknown god.
  3300 | D:4      | Found Wycemyxuid's Jewellery Boutique.
  3459 | D:4      | Reached skill level 4 in Fighting
  4087 | D:5      | Entered Level 5 of the Dungeon
  4202 | D:5      | Your scales start taking on a pale cyan-grey colour.
  4202 | D:5      | Reached XP level 7. HP: 60/60 MP: 4/10
  4239 | D:5      | Noticed Menkaure
  4251 | D:5      | Killed Menkaure
  4252 | D:5      | Noticed Ijyb
  4255 | D:5      | Paralysed by Ijyb for 5 turns
  4267 | D:5      | Killed Ijyb
  4278 | D:5      | Learned a level 4 spell: Iskenderun's Mystic Blast
  4406 | D:5      | Reached skill level 5 in Fighting
  4411 | D:5      | Gained mutation: Your tail ends in a poisonous barb. [mutagenic meat]
  4412 | D:5      | Gained mutation: Your tail ends in a sharp poisonous barb. [mutagenic meat]
  4413 | D:5      | Gained mutation: Your natural rate of healing is unusually fast. [mutagenic meat]
  4414 | D:5      | Gained mutation: You are weak. (Str -2) [mutagenic meat]
  4415 | D:5      | Lost mutation: Your natural rate of healing is unusually fast. [mutagenic meat]
  4454 | D:5      | Reached skill level 1 in Shields
  4515 | D:5      | Noticed Grinder
  4539 | D:5      | Killed Grinder
  4539 | D:5      | Reached skill level 5 in Dodging
  4539 | D:5      | Reached XP level 8. HP: 15/69 MP: 3/11
  5112 | D:5      | Found a bloodstained altar of Trog.
  5505 | D:5      | Reached skill level 6 in Fighting
  5526 | D:5      | Found a runed door.
  5531 | D:5      | Noticed Crazy Yiuf
  5532 | D:5      | Killed Crazy Yiuf
  5916 | D:6      | Found Aninov's Food Shop.
  6539 | D:6      | Noticed happinesssam's ghost (novice GnAM)
  6580 | D:6      | Killed happinesssam's ghost
  6580 | D:6      | Reached XP level 9. HP: 55/78 MP: 5/12
  6646 | D:6      | Found a burning altar of Makhleb.
  6649 | D:6      | Found a shattered altar of Ashenzari.
  6651 | D:6      | Found a glowing golden altar of the Shining One.
  7074 | D:7      | Found a staircase to the Ecumenical Temple.
  7081 | Temple   | Entered the Ecumenical Temple
  7102 | Temple   | Became a worshipper of Vehumet
  7157 | D:7      | Reached skill level 7 in Fighting
  7183 | D:7      | Noticed a green ugly thing
  7329 | Temple   | Learned a level 4 spell: Fulminant Prism
  7623 | D:7      | Noticed Duvessa
  7623 | D:7      | Noticed Dowan
  7628 | D:7      | Killed Duvessa
  7635 | D:7      | Killed Dowan
  9224 | D:8      | Reached * piety under Vehumet
  9224 | D:8      | Offered knowledge of Sandblast by Vehumet.
  9229 | D:8      | Found an opulent altar of Gozag.
  9276 | D:8      | Reached skill level 8 in Fighting
  9688 | D:8      | Noticed Psyche
  9705 | D:8      | Killed Psyche
  9836 | D:8      | Reached XP level 10. HP: 90/90 MP: 16/16
  9979 | D:8      | Found a stormy altar of Qazlal.
 10224 | D:9      | Found an iron altar of Okawaru.
 10272 | D:9      | Reached skill level 9 in Fighting
 10751 | D:9      | Identified a scroll of acquirement
 10802 | D:9      | Got an encrusted buckler
 10813 | D:9      | Identified the +2 buckler "Laopomu" {rPois rC+} (You found it on level 9 of the Dungeon)
 10829 | D:9      | Reached ** piety under Vehumet
 10829 | D:9      | Offered knowledge of Sting by Vehumet.
 10830 | D:9      | Reached skill level 5 in Spellcasting
 10942 | D:9      | Noticed a three-headed hydra
 10948 | D:9      | Killed a three-headed hydra
 11193 | D:10     | Entered Level 10 of the Dungeon
 11263 | D:10     | Noticed Urug
 11744 | D:9      | Demolished by Urug

Vault maps used:
D:1:      sevenhm_arrival_forest_fort_small_4, minmay_misc_feat_five
D:2:      lemuel_tele_altar
D:3:      kennysheep_vampire_church, chequers_ecumenical_altar_simple,
          portal_sewer_entry_e
D:4:      serial_shops, shop, first_bread, nrook_mini_backslash,
          nrook_loot_triangle
D:5:      trog_book, uniq_menkaure, uniq_ijyb, uniq_crazy_yiuf_cottage,
          uniq_grinder
D:6:      grunt_temple_overflow_open, serial_gnoll_camp, gnoll_camp_mini_hut,
          gnoll_camp_mini_hut, gnoll_camp_mini_shop, gnoll_camp_mini_sergeant
D:7:      minmay_temple_entry_large_hall, uniq_duvessa
D:8:      nicolae_gozag_seed_capital, basic_altar, uniq_psyche
D:9:      basic_altar, hangedman_ranch
D:10:     grunt_lair_entry_orc_guard_hut, lightli_fourway_metalbox, uniq_harold,
          uniq_urug
Temple:   minmay_crystal_spiral_temple

Skill      XL: |  1  2  3  4  5  6  7  8  9 10 |
---------------+-------------------------------+-----
Dodging        | 2 3 4 5 6 7 8 |  8.4
Fighting       | 1 2 3 4 5 6 8 9 |  9.7
Conjurations   | 5 6 7 8 |  8.6
Shields        | 1 4 |  4.0
Spellcasting   | 4 5 |  5.6
Stealth        | |  1.7

Action                   |  1- 3 |  4- 6 |  7- 9 | 10-12 || total
-------------------------+-------+-------+-------+-------++-------
Melee: Unarmed           |       |       |    56 |    20 ||    76
       Tailslap          |       |       |     7 |       ||     7
 Fire: Hunting sling     |    67 |   199 |   469 |   101 ||   836
 Cast: Magic Dart        |    30 |    49 |    43 |    10 ||   132
       Dazzling Spray    |       |     2 |    37 |     3 ||    42
       Iskenderun's Myst |       |       |    36 |    27 ||    63
       Fulminant Prism   |       |       |     2 |    21 ||    23
 Abil: Breathe Steam     |       |       |     5 |     1 ||     6
  Use: Potion            |     2 |       |     1 |     2 ||     5
       Scroll            |       |     9 |     5 |     7 ||    21
 Stab: Invisible         |       |       |     6 |     2 ||     8
  Eat: Chunk             |     2 |     8 |    23 |    12 ||    45
       Royal jelly       |       |       |     1 |       ||     1
       Meat ration       |       |       |     1 |       ||     1
       Fruit             |       |       |     9 |       ||     9
       Bread ration      |       |       |       |     1 ||     1
Armor: Skin              |    14 |    68 |    89 |    25 ||   196
Dodge: Dodged            |    18 |   151 |   254 |    89 ||   512
Block: Buckler           |       |       |    90 |    28 ||   118

Table legend:
 A = Spawn XP
 B = Non-spawn XP
 C = Spawn XP percentage of total XP
 D = Spawn monster count
 E = Non-spawn monster count
 F = Spawn count percentage of total count
 G = Total turns spent on level
                    A         B        C        D         E        F      G
               +---------+---------+-------+---------+---------+-------+---------
         Total |       0 |    9449 |   0.0 |       0 |     234 |   0.0 | 11744
               +---------+---------+-------+---------+---------+-------+---------
           D:1 |       0 |      60 |   0.0 |       0 |      28 |   0.0 |  1030
           D:2 |       0 |      63 |   0.0 |       0 |      24 |   0.0 |  1209
           D:3 |       0 |     344 |   0.0 |       0 |      29 |   0.0 |   944
           D:4 |       0 |     204 |   0.0 |       0 |      13 |   0.0 |   904
           D:5 |       0 |    1311 |   0.0 |       0 |      28 |   0.0 |  1527
           D:6 |       0 |    1049 |   0.0 |       0 |      31 |   0.0 |  1459
           D:7 |       0 |     933 |   0.0 |       0 |      25 |   0.0 |  1714
           D:8 |       0 |    1890 |   0.0 |       0 |      28 |   0.0 |  1302
           D:9 |       0 |    3361 |   0.0 |       0 |      23 |   0.0 |  1362
          D:10 |       0 |     234 |   0.0 |       0 |       5 |   0.0 |    87
               +---------+---------+-------+---------+---------+-------+---------
